 Dungeon Crawl Stone Soup version 0.31-a0-321-g19405a7a6a (webtiles) character file.

Game seed: 10025162883526328366

60 HallandMoats the Trooper (level 3, -6/34 HPs)
             Began as a Minotaur Fighter on July 17, 2023.
             Mangled by Crazy Yiuf
             ... wielding a +2 quarterstaff of chaos
              (9 damage)
             ... on level 2 of the Dungeon.
             The game lasted 00:02:02 (1510 turns).

HallandMoats the Trooper (Minotaur Fighter)         Turns: 1510, Time: 00:02:02

Health: -6/34      AC:  8    Str: 20    XL:     3   Next: 80%
Magic:  2/2        EV:  9    Int:  5    God:
Gold:   72         SH:  4    Dex: 11    Spells: 2/2 levels left

rFire   . . .        b - +3 whip (elec)
rCold   . . .        c - +0 buckler
rNeg    . . .        n - +0 scale mail
rPois   .            (helmet restricted)
rElec   .            (no cloak)
rCorr   .            j - +0 pair of gloves
SInv    .            (no boots)
Will    .....        i - amulet of the acrobat Stlth
                     (no ring)
HPRegen 0.25/turn    (no ring)
MPRegen 0.08/turn

%: acrobat
@: mighty, brilliant, lethally poisoned (-6 -> -16)
A: horns 2, retaliatory headbutt
a: no special abilities


You were on level 2 of the Dungeon.
You visited 1 branch of the dungeon, and saw 2 of its levels.

You collected 72 gold pieces.

Inventory:

Hand Weapons
 a - a +0 war axe
 b - a +3 whip of electrocution (weapon)
Armour
 c - a +0 buckler (worn)
 j - a +0 pair of gloves (worn)
 n - a +0 scale mail (worn)
Jewellery
 i - an amulet of the acrobat (around neck)
Wands
 o - a wand of flame (6)
Scrolls
 f - 2 scrolls of teleportation {unknown}
 g - 3 scrolls of identify {unknown}
 h - a scroll of poison {unknown}
 k - a scroll of blinking {unknown}
Potions
 l - a potion of curing {unknown}
 m - a potion of cancellation {unknown}


   Skills:
 * Level 4.4 Fighting
 * Level 3.3 Axes
 + Level 3.9 Armour
 + Level 1.3 Dodging
 + Level 4.0 Shields


You had 2 spell levels left.
You didn't know any spells.
Your spell library contained the following spells:

 Spells                   Type           Power      Damage    Failure   Level
 Slow                     Hex            0%         N/A       88%         1
 Poisonous Vapours        Pois/Air       0%         N/A       95%         2
 Scorch                   Fire           0%         2d5       95%         2
 Confusing Touch          Hex            0%         N/A       99%         3
 Mephitic Cloud           Conj/Pois/Air  0%         N/A       99%         3
 Vampiric Draining        Necr           0%         2d6       99%         3
 Flame Wave               Conj/Fire      0%         2d4       100%        4
 Freezing Cloud           Conj/Ice/Air   0%         6-21      100%        5
 Summon Cactus Giant      Summ           0%         N/A       100%        6


Dungeon Overview and Level Annotations

Branches:
Dungeon (2/15)

Altars:

Annotations:
D:2 Crazy Yiuf


Innate Abilities, Weirdness & Mutations

You have a pair of horns on your head.
You reflexively headbutt those who attack you in melee.


Message History

A giant cockroach is nearby!
A giant cockroach is nearby!
The giant cockroach completely misses you.
You furiously retaliate!
You headbutt the giant cockroach.
You kill the giant cockroach!
You see here a giant cockroach corpse.
Things that are here:
a +3 short sword; a kobold skeleton You now have 72 gold pieces (gained 12).
Found a hammer.
Found a runed translucent door.
Crazy Yiuf shouts!
Crazy Yiuf says, "Whiteboard!
Adder toodlewoodle action."
You see here a frilled lizard skeleton.
There is a stone staircase leading down here.
Key pressed, stopping explore.
You see here 5 javelins.
You see here a +3 short sword.
Crazy Yiuf shouts!
Key pressed, stopping explore.
Could not explore, unopened runed door.
You feel very mighty all of a sudden.
You open the door. You barely miss Crazy Yiuf. Your headbutt misses Crazy Yiuf.
You block Crazy Yiuf's attack.
You barely miss Crazy Yiuf.
Crazy Yiuf hits you with a +2 quarterstaff of chaos!
You are poisoned.
You whack Crazy Yiuf!
Crazy Yiuf is severely wounded.
You feel very sick.
Crazy Yiuf hits you with a +2 quarterstaff of chaos!
* * * LOW HITPOINT WARNING * * *
Crazy Yiuf burns you.
* * * LOW HITPOINT WARNING * * *
It was a potion of brilliance.
You feel clever all of a sudden.
* * * LOW HITPOINT WARNING * * *
You feel very sick.
Crazy Yiuf hits you with a +2 quarterstaff of chaos!
You die...

.## #>.....##############
#.######.###..............#
##.......# #.############.#
#.######## ### #.# .##
###### #.## .# #....#
♣♣♣♣♣##..# .# #.#### ###
♣♣♣.♣..+.#.# .# #.#
#...#♣..♣..P....# ## #.#
#...g@♣♣♣♣.P....# # #.#
#)..#♣♣ ♣♣P+..## # #.# ###
♣♣#### # #.# #####.#
......# ####### #


You could see Crazy Yiuf.

Vanquished Creatures
  An adder (D:2)
  A worm (D:2)
  2 dart slugs
  6 ball pythons
  A bat (D:1)
  3 endoplasms
  A giant cockroach (D:2)
  2 goblins
  4 hobgoblins
  4 jackals (D:2)
  6 kobolds
  2 quokkas (D:2)
  4 frilled lizards (D:2)
  2 rats
39 creatures vanquished.

Notes
Turn   | Place    | Note
-------+----------+-------------------------------------------
     0 | D:1      | HallandMoats the Minotaur Fighter began the quest for the
                  | Orb.
     0 | D:1      | Reached XP level 1. HP: 19/19 MP: 0/0
    44 | D:1      | Found a faded altar of an unknown god.
   155 | D:1      | Reached XP level 2. HP: 27/27 MP: 1/1
   674 | D:2      | Reached XP level 3. HP: 33/33 MP: 2/2
   698 | D:2      | Reached skill level 1 in Dodging
  1247 | D:2      | Found a runed translucent door.
  1248 | D:2      | Noticed Crazy Yiuf
  1510 | D:2      | Mangled by Crazy Yiuf

Illustrated notes

Levels and vault maps discovered:
D:1:      lemuel_arrival_cross, layout_basic, nicolae_ecumenical_snake_handling
D:2:      layout_loops_ring, grunt_decor_arrowhead,
          amcnicky_mini_corridor_feature, nicolae_figureground_pulse,
          uniq_crazy_yiuf_cottage

Skill      XL: |  1  2  3 |
---------------+----------+-----
Fighting       | 4 |  4.4
Axes           | 3 |  3.3
Dodging        | 1 |  1.3
Shields        | 4 |  4.0
Armour         | |  3.9

Action                     || total
---------------------------++-------
  Melee: War axe           ||    70
         Headbutt          ||     8
         Whip              ||    18
    Use: Potion            ||     2
 Armour: Scale mail        ||    27
  Dodge: Dodged            ||    51
  Block: Buckler           ||    21

Table legend: (Time is in decaauts)
 A = Elapsed time spent in this place.
 B = Non-inter-level travel time spent in this place.
 C = Inter-level travel time spent in this place.
 D = Time resting spent in this place.
 E = Time spent auto-exploring this place.
 F = Levels seen in this place.
 G = Mean time per level.
                   A        B        C        D        E       F      G
               +--------+--------+--------+--------+--------+-----+--------+
         Total |   1536 |   1536 |      0 |      0 |   1168 |   2 |  768.0 |
       Dungeon |   1536 |   1536 |      0 |      0 |   1168 |   2 |  768.0 |
               +--------+--------+--------+--------+--------+-----+--------+

Top non-repeatable levels by time:
     D:2: 887 daAuts
     D:1: 648 daAuts
